 Dungeon Crawl Stone Soup version 0.18-a0-1639-g7533f42 (webtiles) character file.

62 Ratboiler the Sneak (level 3, 10/18 HPs)
             Began as a Spriggan Wanderer on Mar 27, 2016.
             Was a Follower of Pakellas.
             Quit the game on level 3 of the Dungeon.
             The game lasted 00:03:37 (2272 turns).

Ratboiler the Sneak (Spriggan Wanderer)             Turns: 2272, Time: 00:03:38

Health: 10/18      AC:  2    Str: 11    XL:     3   Next: 85%
Magic:  3/8        EV: 16    Int: 10    God:    Pakellas [*.....]
Gold:   149        SH:  0    Dex: 16    Spells: 2 memorised, 4 levels left

rFire  . . .     SeeInvis +     b - +0 short sword
rCold  . . .     Gourm    .     d - +0 robe
rNeg   . . .     Faith    .     (shield restricted)
rPois  .         Spirit   .     (helmet restricted)
rElec  .         Dismiss  .     (no cloak)
rCorr  .         Reflect  .     (gloves unavailable)
SustAt .         Harm     .     (boots unavailable)
MR     .....                    (no amulet)
Stlth  +++.......               (no ring)
                                (no ring)

@: very slightly contaminated, repel missiles, very quick, not resistant to
hostile enchantments, fairly stealthy
A: unfitting armour, see invisible, herbivore 3, speed 3, slow metabolism 2
a: Quick Charge, Renounce Religion


You were on level 3 of the Dungeon.
You worshipped Pakellas.
Pakellas was aware of your devotion.
You were not hungry.

You visited 1 branch of the dungeon, and saw 3 of its levels.

You collected 149 gold pieces.

Inventory:

Hand Weapons
 b - a +0 short sword (weapon)
 e - a +0 dagger
Armour
 d - a +0 robe (worn)
Scrolls
 i - a scroll of amnesia {unknown}
 j - 2 scrolls of enchant armour {unknown}
 k - a scroll of noise {unknown}
 l - 2 scrolls of identify {unknown}
 m - a scroll of fog {unknown}
 o - 2 scrolls of remove curse {unknown}
 q - 2 scrolls of magic mapping {unknown}
 r - 2 scrolls of enchant weapon {unknown}
Potions
 c - 4 potions of curing
 h - 2 potions of cancellation {unknown}
 p - a potion of haste {unknown}
 s - a potion of berserk rage {unknown}
Books
 a - a book of Minor Magic

   Spells                             Type                      Level
   a - Magic Dart                     Conjuration                  1
   b - Blink                          Translocation                2
   c - Call Imp                       Summoning                    2
   d - Repel Missiles                 Charms/Air                   2
   e - Slow                           Hexes                        2
   f - Conjure Flame                  Conjuration/Fire             3
   g - Mephitic Cloud                 Conjuration/Poison/Air       3
Comestibles
 f - 5 bread rations
 g - 4 fruits
 n - a slice of pizza


   Skills:
 - Level 1.5 Fighting
 + Level 3.4 Short Blades
 - Level 1.5 Dodging
 + Level 5.6 Stealth
 - Level 2.6 Spellcasting
   Level 1.0 Earth Magic


You had 4 spell levels left.
You knew the following spells:

 Your Spells              Type           Power        Failure   Level  Hunger
a - Magic Dart            Conj           #...         30%         1    ##.....
b - Repel Missiles        Chrm/Air       #.....       47%         2    ###....


Dungeon Overview and Level Annotations

Branches:
Dungeon (3/15)

Altars:
Pakellas
Yredelemnul


Innate Abilities, Weirdness & Mutations

You are tiny and cannot use many weapons and most armour.
You have supernaturally acute eyesight.
You are a herbivore.
You cover ground extremely quickly.
You need consume almost no food.


Message History

Casting: Magic Dart
Confirm with . or Enter, or press ? or * to list all spells.
Aiming: Magic Dart
Press: ? - help, Shift-Dir - straight line, f/p - worm
Aim: a worm (severely wounded)
You miscast Magic Dart.
You are very lightly contaminated with residual magic.
Your skin tingles.
Found a faded altar to an unknown god.
An orc comes into view.
There is a faded altar to an unknown god here.
This altar will convert you to a god.
You cannot discern which.
Do you pray?
Okay, then.
This altar will convert you to a god.
You cannot discern which.
Do you pray? Pakellas accepts your prayer! Pakellas welcomes you!
You stop regenerating magic.
You can now gain magical power from killing.
You can now spend your magic to charge your devices.
Are you sure you want to abandon this character and quit the game? (Confirm with "yes".)

##o## ##...#### #...#
##.....### #...#
##.......#. #...#
#.........#
#####...####........#.
.##............#.....##.
............#.......###.
#....#.......###..# ##
#@#..###.###..##
#...#..## #.......#
##.....# ##.##.#.#
###...# #.##.#.# ##.##
#.##.#.# #.# #w##.#.#
#.# #.....)#
.######......###
#......##......


There were no monsters in sight!

Vanquished Creatures
  2 adders
  A worm (D:3)
  2 dart slugs (D:1)
  2 giant geckos (D:1)
  An orc (D:3)
  2 giant cockroaches
  3 goblins
  2 hobgoblins
  3 kobolds
  A quokka (D:2)
  A ball python (D:1)
  6 bats (D:1)
  6 giant newts (D:1)
  4 rats
36 creatures vanquished.

Notes
Turn   | Place    | Note
--------------------------------------------------------------
     0 | D:1      | Ratboiler the Spriggan Wanderer began the quest for the Orb.
     0 | D:1      | Ratboiler set off with: a book of Minor Magic, a +0 short sword, a potion of curing, a +0 robe, a +0 dagger, a bread ration
     0 | D:1      | Reached XP level 1. HP: 10/10 MP: 5/5
     2 | D:1      | Learned a level 1 spell: Magic Dart
   216 | D:1      | Reached XP level 2. HP: 11/14 MP: 2/6
  1072 | D:1      | Reached XP level 3. HP: 18/18 MP: 8/8
  1269 | D:1      | Learned a level 2 spell: Repel Missiles
  1708 | D:2      | Reached skill level 5 in Stealth
  2013 | D:3      | Found a basalt altar of Yredelemnul.
  2263 | D:3      | Found a faded altar to an unknown god.
  2272 | D:3      | Became a worshipper of Pakellas the Inventive
  2272 | D:3      | Reached * piety under Pakellas
  2272 | D:3      | Quit the game

Vault maps used:
D:1:      lightli_arrival_lavapool, serial_bayou_pond_a,
          minmay_misc_feat_pillars, minmay_cut_off
D:2:      lightli_corner_chamber
D:3:      yredelemnul_altar_generic, grunt_temple_overflow_diamond, first_bread,
          ecumenical_altar_1, minivault_4

Skill      XL: |  1  2  3 |
---------------+----------+-----
Short Blades   | 2 3 |  3.4
Stealth        | 5 |  5.6
Fighting       | |  1.5
Dodging        | |  1.5
Spellcasting   | |  2.6
Earth Magic    | |  1.0

Action                   || total
-------------------------++-------
Melee: Short sword       ||    97
 Cast: Magic Dart        ||    11
       Repel Missiles    ||     1
 Stab: Sleeping          ||    12
       Distracted        ||     1
